Map: Altitude LE

Players

A.I. 1 (Harder)

  • Race: Terran Terran
  • Spawn Location: 1:00

AnalWizard - Winner!

  • Race: Zerg Zerg
  • League: Platinum
  • Spawn Location: 7:00

VOD

Have the link to the VOD?

Description

Time

  • Played on: Sept. 20, 2023, 3:34 a.m.
  • Length: 9:43
Show
View Real Time Build Order
Export as new Build Order

A.I. 1 (Harder) Terran 

Build Orders:  

Get SALT Encoding   

  12  0:00  SCV  
  13  0:13  SCV  
  14  0:20  Supply Depot  
  14  0:25  SCV  
  15  0:41  SCV  
  16  0:44  Barracks  
  16  0:50  Refinery  
  16  0:54  SCV  
  17  1:06  SCV  
  18  1:18  SCV  
  19  1:20  Supply Depot  
  19  1:30  SCV  
  19  1:32  Marine  
  21  1:41  Barracks  
  21  1:43  Orbital Command  
  21  1:49  Refinery  
  21  1:50  Barracks Tech Lab  
  21  2:08  Marine, Supply Depot  
  22  2:19  Factory  
  22  2:26  Marauder  
  22  2:28  Marine  
  25  2:47  Marine  
  25  2:49  Marine  
  29  3:06  Marauder  
  29  3:07  Marine  
  29  3:09  Starport  
  29  3:10  Supply Depot  
  30  3:21  SCV  
  33  3:27  Marauder  
  33  3:33  SCV  
  34  3:37  Supply Depot  
  34  3:45  Engineering Bay, Starport Tech Lab, SCV  
  35  3:58  SCV  
  36  4:04  Banshee  
  39  4:10  SCV  
  40  4:22  SCV  
  40  4:34  SCV  
  41  4:44  Barracks Tech Lab  
  41  4:47  Factory, Factory Tech Lab, Reaper, Banshee  
  41  4:51  Starport  
  45  4:56  Stimpack  
  45  5:02  Marine  
  45  5:04  Supply Depot  
  46  5:13  Combat Shield  
  46  5:19  Marine x2  
  48  5:26  Starport Tech Lab  
  48  5:30  Factory Tech Lab  
  40  5:37  Marine x2  
  38  5:55  Marauder  
  38  5:56  Marauder, Terran Infantry Weapons Level 1  
  42  6:04  Command Center  
  42  6:16  Marine x2  
  44  6:32  Concussive Shells  
  44  6:33  Supply Depot  
  44  6:34  Marine x2  
  46  6:52  Reaper x2  
  46  6:54  Missile Turret  
  48  6:59  Missile Turret  
  48  7:15  Raven  
  50  7:16  SCV  
  50  7:17  SCV  
  52  7:24  Marauder  
  52  7:25  Marauder  
  52  7:29  Refinery, SCV x2  
  58  7:33  Bunker  
  52  7:40  Viking  
  52  7:41  SCV  
  52  7:43  Missile Turret  
  37  7:45  Marine  
  37  7:46  Marine  
  37  7:49  Hellion, Viking  
  41  8:03  Marine  
  41  8:04  Marauder  
  43  8:21  Marine, SCV  
  43  8:25  Reaper  
  46  8:33  SCV  
  47  8:38  Marine  
  47  8:39  Barracks  
  32  8:45  SCV  
  31  8:56  Marine  
  31  8:57  Marine  
  30  9:05  SCV  
  30  9:15  Marauder  
  29  9:17  SCV  
  29  9:19  Factory  
Show
View Real Time Build Order
Export as new Build Order

AnalWizard Zerg - Winner!

Build Orders: Hatch First 

Get SALT Encoding   

  12  0:02  Drone  
  13  0:12  Overlord  
  13  0:18  Drone  
  14  0:31  Drone x2  
  16  0:39  Drone  
  17  0:53  Hatchery  
  16  1:00  Drone x2  
  18  1:09  Drone  
  19  1:16  Extractor  
  18  1:19  Spawning Pool  
  18  1:22  Drone  
  18  1:29  Drone  
  19  1:39  Drone  
  20  1:50  Overlord  
  20  2:05  Queen  
  20  2:06  Queen  
  24  2:13  Zergling x4  
  24  2:14  Drone  
  27  2:20  Metabolic Boost  
  27  2:22  Drone  
  28  2:24  Drone  
  29  2:30  Drone  
  29  2:32  Overlord  
  30  2:41  Queen  
  30  2:43  Queen  
  34  2:50  Drone  
  36  2:51  Drone x2  
  37  3:01  Drone  
  37  3:02  Drone  
  39  3:07  Overlord  
  39  3:17  Lair  
  39  3:33  Extractor  
  38  3:35  Extractor  
  38  3:36  Drone x2, Extractor  
  38  3:37  Drone  
  38  3:39  Drone  
  40  3:42  Drone  
  40  3:43  Drone x2  
  40  3:44  Drone  
  44  3:51  Overlord  
  44  3:54  Drone x3  
  44  3:55  Drone x3  
  49  3:56  Drone  
  51  4:05  Drone  
  52  4:18  Hydralisk Den  
  52  4:20  Drone, Evolution Chamber  
  52  4:24  Drone  
  52  4:27  Zergling x2  
  52  4:28  Zergling x4  
  55  4:42  Drone  
  55  4:44  Zergling x2  
  55  4:45  Zergling x4  
  59  4:47  Drone  
  59  4:49  Overlord x2  
  60  4:53  Zerg Missile Weapons Level 1  
  60  4:55  Muscular Augments  
  60  5:10  Drone  
  60  5:12  Hatchery  
  60  5:15  Hydralisk  
  60  5:16  Hydralisk x5  
  60  5:20  Overlord  
  66  5:41  Overseer  
  64  5:49  Zergling x10  
  69  5:50  Zergling x2  
  69  5:51  Zergling x2  
  71  6:13  Drone  
  72  6:19  Hydralisk  
  72  6:20  Hydralisk x4  
  72  6:22  Overlord  
  72  6:23  Hatchery  
  72  6:24  Overlord x3  
  81  6:43  Hydralisk x6  
  93  6:48  Zergling x2  
  93  6:49  Zergling x4  
  93  6:53  Zerg Ground Armor Level 1  
  96  6:55  Grooved Spines  
  96  6:57  Zergling x6  
  99  7:26  Hydralisk x3  
  99  7:27  Hydralisk x8  
  121  7:33  Overlord x3  
  110  7:37  Drone  
  105  8:01  Drone  
  105  8:02  Drone  
  105  8:03  Hydralisk  
  105  8:04  Hydralisk x7  
  123  8:06  Zergling x4  
  125  8:18  Drone x2  
  125  8:37  Extractor  
  125  8:41  Extractor  
  123  8:43  Zergling x4  
  123  9:13  Zergling x2  
  123  9:14  Zergling x30  
  137  9:26  Drone x3  
Tags
 
League
Platinum
Matchup
TvZ
Spawn Locations
Cross Positions
Add a new tag
Caveats
  • Supply blocks, unpowered buildings, or Contaminate may cause inaccurate times.
  • Supply counts are checked every 10 seconds.